NYP
BOISE HAWKS @ TRI-CITY DUST DEVILS
05/23/2048
 
TOP OF THE 1ST
Boise Hawks batting - Pitching for Tri-City Dust Devils : RHP Sean Fowler
Pitching: RHP Sean Fowler
Batting: LHB Jerry Santana 0-0: Fly out, F8 (Flyball, 8LD, EV 106.2 MPH)
Batting: SHB Ken Griffey IV 0-0: Called Strike
0-1: DOUBLE (Line Drive, 78M, EV 101.2 MPH)
Batting: LHB Jason Ryan 0-0: Called Strike
0-1: Called Strike
Ken Griffey IV steals 3rd base
0-2: Strikes out swinging
Batting: SHB Chris Besselman 0-0: Ball
1-0: Ball
2-0: Called Strike
2-1: Ground out 1-3 (Groundball, 34S, EV 68.8 MPH)
Top of the 1st over - 0 runs, 1 hit, 0 errors, 1 left on base; Boise 0 - Tri-City 0
BOTTOM OF THE 1ST
Tri-City Dust Devils batting - Pitching for Boise Hawks : RHP D.J. Pedroza
Pitching: RHP D.J. Pedroza
Batting: LHB Ramon Vega 0-0: Called Strike
0-1: Ball
1-1: Ball
2-1: Ground out 6-3 (Groundball, 6S, EV 62.5 MPH)
Batting: LHB Phil Lerner 0-0: Called Strike
0-1: Ground out 3-1 (Groundball, 13, EV 79.4 MPH)
Pitching: LHP Matt Belair
Batting: RHB Eric McMillian 0-0: Swinging Strike
0-1: DOUBLE (Groundball, 5L, EV 106.9 MPH)
Batting: LHB Chad Cutler 0-0: Ball
1-0: Ball
2-0: SINGLE (Groundball, 6MD, EV 105.0 MPH)
Eric McMillian to third
Runner from 3rd tries for Home, throw by CF and OUT! 8-2
Bottom of the 1st over - 0 runs, 2 hits, 0 errors, 1 left on base; Boise 0 - Tri-City 0
TOP OF THE 2ND
Boise Hawks batting - Pitching for Tri-City Dust Devils : RHP Sean Fowler
Batting: RHB Dan Hoffman 0-0: Foul Ball, location: 2F
0-1: Fly out, F7 (Flyball, 7D, EV 93.1 MPH)
Batting: SHB Brad Madden 0-0: Ball
1-0: Ball
2-0: Ball
3-0: Foul Ball, location: 2F
3-1: Swinging Strike
3-2: Strikes out swinging
Batting: RHB Carlos de Jesus 0-0: Called Strike
0-1: Foul Ball, location: 2F
0-2: Strikes out looking
Top of the 2nd over - 0 runs, 0 hits, 0 errors, 0 left on base; Boise 0 - Tri-City 0
BOTTOM OF THE 2ND
Tri-City Dust Devils batting - Pitching for Boise Hawks : LHP Matt Belair
Batting: RHB Edgardo Rivera 0-0: Ball
1-0: Foul Ball, location: 2F
1-1: Ball
2-1: Foul Ball, location: 2F
2-2: Foul Ball, location: 2F
2-2: Fly out, F7 (Flyball, 7, EV 93.8 MPH)
Batting: SHB Isaiah Scates 0-0: Called Strike
0-1: Ball
1-1: Swinging Strike
1-2: Ground out 5-3 (Groundball, 56S, EV 86.2 MPH)
Batting: SHB Yutaro Takahashi 0-0: Ball
1-0: Ball
2-0: Swinging Strike
2-1: Called Strike
2-2: Ground out 5-3 (Groundball, 5S, EV 86.2 MPH)
Bottom of the 2nd over - 0 runs, 0 hits, 0 errors, 0 left on base; Boise 0 - Tri-City 0
TOP OF THE 3RD
Boise Hawks batting - Pitching for Tri-City Dust Devils : RHP Sean Fowler
Batting: RHB Bob Hayes 0-0: Ball
1-0: Ball
2-0: Foul Ball, location: 2F
2-1: Ball
3-1: Ground out 5-3 (Groundball, 5S, EV 83.1 MPH)
Batting: RHB Aaron Burnet 0-0: SINGLE (Line Drive, 8LS, EV 94.4 MPH)
Batting: LHB Jerry Santana 0-0: Called Strike
0-1: Ball
1-1: Ball
2-1: Foul Ball, location: 2F
2-2: Ball
3-2: Foul Ball, location: 2F
3-2: Strikes out looking
Batting: SHB Ken Griffey IV 0-0: Called Strike
Aaron Burnet is caught stealing 2nd base 2-6
Top of the 3rd over - 0 runs, 1 hit, 0 errors, 0 left on base; Boise 0 - Tri-City 0
BOTTOM OF THE 3RD
Tri-City Dust Devils batting - Pitching for Boise Hawks : LHP Matt Belair
Batting: RHB Max Stillo 0-0: Ball
1-0: Called Strike
1-1: Called Strike
1-2: Foul Ball, location: 2F
1-2: Ball
2-2: Ground out 3-1 (Groundball, 34S, EV 82.5 MPH)
Batting: RHB Oren Jones 0-0: Fly out, F7 (Flyball, 7, EV 87.5 MPH)
Batting: LHB Ramon Vega 0-0: Ball
1-0: Ground out 4-3 (Groundball, 4, EV 88.8 MPH)
Bottom of the 3rd over - 0 runs, 0 hits, 0 errors, 0 left on base; Boise 0 - Tri-City 0
TOP OF THE 4TH
Boise Hawks batting - Pitching for Tri-City Dust Devils : RHP Sean Fowler
Batting: SHB Ken Griffey IV 0-0: Ball
1-0: Fly out, F8 (Flyball, 8LD, EV 94.4 MPH)
Batting: LHB Jason Ryan 0-0: Ball
1-0: Foul Ball, location: 2F
1-1: Foul Ball, location: 2F
1-2: Foul Ball, location: 2F
1-2: Ground out 4-3 (Groundball, 4, EV 83.1 MPH)
Batting: SHB Chris Besselman 0-0: Ball
1-0: Swinging Strike
1-1: Ball
2-1: Ball
3-1: Foul Ball, location: 2F
3-2: Fly out, F7 (Line Drive, 7, EV 98.1 MPH)
Top of the 4th over - 0 runs, 0 hits, 0 errors, 0 left on base; Boise 0 - Tri-City 0
BOTTOM OF THE 4TH
Tri-City Dust Devils batting - Pitching for Boise Hawks : LHP Matt Belair
Batting: LHB Phil Lerner 0-0: Called Strike
0-1: Ball
1-1: Ball
2-1: Ball
3-1: SINGLE (Line Drive, 56D, EV 96.9 MPH)
Batting: RHB Eric McMillian 0-0: Foul Ball, location: 2F
0-1: Ball
1-1: Called Strike
1-2: Foul Ball, location: 2F
1-2: Ball
2-2: SINGLE (Line Drive, 78S, EV 100.0 MPH)
Phil Lerner to second
Batting: LHB Chad Cutler 0-0: Fly out, F8 (Flyball, 8LM, EV 80.6 MPH)
Batting: RHB Edgardo Rivera 0-0: Ball
1-0: Ball
2-0: Swinging Strike
2-1: Foul Ball, location: 2F
2-2: Foul Ball, location: 2F
2-2: Strikes out swinging
Batting: SHB Isaiah Scates 0-0: Ball
1-0: Called Strike
Balk!
Phil Lerner to third
Eric McMillian to second
1-1: Swinging Strike
1-2: Fly out, F3 (Popup, 3SF, EV 64.4 MPH)
Bottom of the 4th over - 0 runs, 2 hits, 0 errors, 2 left on base; Boise 0 - Tri-City 0
TOP OF THE 5TH
Boise Hawks batting - Pitching for Tri-City Dust Devils : RHP Sean Fowler
Batting: RHB Dan Hoffman 0-0: Called Strike
0-1: DOUBLE (Flyball, 8LXD, EV 109.4 MPH)
Batting: SHB Brad Madden 0-0: Ball
1-0: SINGLE (Groundball, 25, EV 67.5 MPH) (infield hit)
Dan Hoffman to third
Batting: RHB Carlos de Jesus 0-0: Called Strike
0-1: Ball
1-1: Fly out, F9 (Flyball, 9, EV 88.1 MPH)
Batting: RHB Bob Hayes 0-0: Called Strike
Brad Madden is caught stealing 2nd base 2-4
0-1: SINGLE (Flyball, 5D, EV 87.5 MPH)
Dan Hoffman scores
Batting: RHB Aaron Burnet 0-0: Called Strike
0-1: Foul Ball, location: 2F
0-2: Ball
Bob Hayes is caught stealing 2nd base 2-4
Top of the 5th over - 1 run, 3 hits, 0 errors, 0 left on base; Boise 1 - Tri-City 0
BOTTOM OF THE 5TH
Tri-City Dust Devils batting - Pitching for Boise Hawks : LHP Matt Belair
Batting: SHB Yutaro Takahashi 0-0: Ball
1-0: Ball
2-0: Ground out U3 (Groundball, 34S, EV 86.9 MPH)
Batting: RHB Max Stillo 0-0: Foul Ball, location: 2F
0-1: SINGLE (Line Drive, 89S, EV 108.1 MPH)
Pitching: RHP Ricardo Roman
Batting: RHB Oren Jones 0-0: Foul Ball, location: 2F
0-1: Called Strike
0-2: Ball
1-2: Foul Ball, location: 2F
1-2: Strikes out swinging
Batting: LHB Ramon Vega 0-0: Fly out, F7 (Flyball, 7, EV 93.1 MPH)
Bottom of the 5th over - 0 runs, 1 hit, 0 errors, 1 left on base; Boise 1 - Tri-City 0
TOP OF THE 6TH
Boise Hawks batting - Pitching for Tri-City Dust Devils : RHP Sean Fowler
Batting: RHB Aaron Burnet 0-0: Ball
1-0: Called Strike
1-1: Swinging Strike
1-2: Foul Ball, location: 2F
1-2: Strikes out swinging
Batting: LHB Jerry Santana 0-0: Swinging Strike
0-1: Ball
1-1: Ball
2-1: Foul Ball, location: 2F
2-2: Strikes out swinging
Batting: SHB Ken Griffey IV 0-0: Foul Ball, location: 2F
0-1: TRIPLE (Flyball, 9LD, EV 96.9 MPH)
Batting: LHB Jason Ryan 0-0: Called Strike
0-1: Ball
1-1: Ball
2-1: Foul Ball, location: 2F
2-2: Ball
3-2: Ground out 6-3 (Groundball, 6, EV 84.4 MPH)
Top of the 6th over - 0 runs, 1 hit, 0 errors, 1 left on base; Boise 1 - Tri-City 0
BOTTOM OF THE 6TH
Tri-City Dust Devils batting - Pitching for Boise Hawks : RHP Ricardo Roman
Batting: LHB Phil Lerner 0-0: Called Strike
0-1: Ball
1-1: Ball
2-1: Foul Ball, location: 2F
2-2: Foul Ball, location: 2F
2-2: Strikes out looking
Batting: RHB Eric McMillian 0-0: Ball
1-0: Ball
2-0: Called Strike
2-1: Ball
3-1: Foul Ball, location: 2F
3-2: DOUBLE (Groundball, 5L, EV 107.5 MPH)
Batting: LHB Chad Cutler 0-0: Ball
1-0: Ball
2-0: Called Strike
2-1: Swinging Strike
2-2: Ball
3-2: Base on Balls
Batting: RHB Edgardo Rivera 0-0: Called Strike
0-1: Swinging Strike
0-2: Ball
1-2: Foul Ball, location: 2F
1-2: Ball
2-2: Foul Ball, location: 2F
2-2: Ball
3-2: Fielders Choice at 2nd, 6-4 (Groundball, 6, EV 89.4 MPH)
Eric McMillian to third
Pitching: RHP Kevin LeRette
Batting: SHB Isaiah Scates 0-0: SINGLE (Groundball, 3S, EV 74.4 MPH) (infield hit)
Eric McMillian scores
Edgardo Rivera to second
Pitching: RHP Alex McKinstry
Batting: SHB Yutaro Takahashi 0-0: Ball
1-0: Ball
2-0: Fly out, F9 (Line Drive, 9D, EV 93.8 MPH)
Bottom of the 6th over - 1 run, 2 hits, 0 errors, 2 left on base; Boise 1 - Tri-City 1
TOP OF THE 7TH
Boise Hawks batting - Pitching for Tri-City Dust Devils : RHP Sean Fowler
Batting: SHB Chris Besselman 0-0: Fly out, F6 (Popup, 6MD, EV 50.0 MPH)
Batting: RHB Dan Hoffman 0-0: Swinging Strike
0-1: Ball
1-1: Swinging Strike
1-2: Foul Ball, location: 2F
1-2: Fly out, F8 (Flyball, 8LD, EV 100.6 MPH)
Pitching: RHP Jamal Kilburn
Batting: SHB Brad Madden 0-0: Called Strike
0-1: Foul Ball, location: 2F
0-2: Ball
1-2: Ball
2-2: SINGLE (Line Drive, 56, EV 102.5 MPH)
Batting: RHB Carlos de Jesus 0-0: Called Strike
0-1: Ball
Wild Pitch!
Brad Madden to second
1-1: Swinging Strike
1-2: Foul Ball, location: 2F
1-2: Ball
2-2: Strikes out looking
Top of the 7th over - 0 runs, 1 hit, 0 errors, 1 left on base; Boise 1 - Tri-City 1
BOTTOM OF THE 7TH
Tri-City Dust Devils batting - Pitching for Boise Hawks : RHP Alex McKinstry
Batting: RHB Max Stillo 0-0: Ball
1-0: Called Strike
1-1: Ball
2-1: TRIPLE (Line Drive, 9D, EV 106.2 MPH)
Pinch Hitting: RHB Masashi Yukizawa 0-0: Called Strike
0-1: Ball
1-1: Ball
2-1: Fly out, F8 (Flyball, 89S, EV 89.4 MPH)
Batting: LHB Ramon Vega 0-0: Ball
1-0: Ball
2-0: Called Strike
2-1: Foul Ball, location: 2F
2-2: Ball
3-2: Base on Balls
Batting: LHB Phil Lerner 0-0: Ball
Ramon Vega steals 2nd base
1-0: Ball
2-0: Ball
3-0: Base on Balls
Batting: RHB Eric McMillian 0-0: Ball
1-0: Foul Ball, location: 2F
1-1: Ball
2-1: Swinging Strike
2-2: Ball
3-2: Base on Balls
Max Stillo scores
Ramon Vega to third
Phil Lerner to second
Batting: LHB Chad Cutler 0-0: Ball
1-0: Foul Ball, location: 2F
1-1: Ball
Wild Pitch!
Ramon Vega scores
Phil Lerner to third
Eric McMillian to second
2-1: Ball
3-1: SINGLE (Groundball, 4D, EV 96.2 MPH)
Phil Lerner scores
Eric McMillian to third
Pitching: LHP Josh Alvarez
Batting: RHB Edgardo Rivera 0-0: Ball
1-0: Ball
2-0: Ball
3-0: Called Strike
3-1: Foul Ball, location: 2F
3-2: Foul Ball, location: 2F
3-2: Fly out, F7 (Line Drive, 7LM, EV 106.2 MPH)
Batting: SHB Isaiah Scates 0-0: Ball
1-0: Called Strike
1-1: Ball
2-1: Ball
3-1: Base on Balls
Chad Cutler to second
Batting: SHB Yutaro Takahashi 0-0: Foul Ball, location: 2F
0-1: Swinging Strike
0-2: Ball
1-2: Foul Ball, location: 2F
1-2: Foul Ball, location: 2F
1-2: Strikes out swinging
Bottom of the 7th over - 3 runs, 2 hits, 0 errors, 3 left on base; Boise 1 - Tri-City 4
TOP OF THE 8TH
Boise Hawks batting - Pitching for Tri-City Dust Devils : RHP Jamal Kilburn
Now at SS: Masashi Yukizawa
Batting: RHB Bob Hayes 0-0: Ball
1-0: Foul Ball, location: 2F
1-1: Foul Ball, location: 2F
1-2: Foul Ball, location: 2F
1-2: Strikes out swinging
Pinch Hitting: LHB Georges Lambert 0-0: Ball
1-0: Called Strike
1-1: Called Strike
1-2: Ground out 2-3 (Groundball, 13S, EV 65.0 MPH)
Batting: LHB Jerry Santana 0-0: Foul Ball, location: 2F
0-1: Called Strike
0-2: DOUBLE (Flyball, 8RD, EV 100.0 MPH)
Pitching: RHP Hisatada Sekiguchi
Batting: SHB Ken Griffey IV 0-0: Ball
1-0: Swinging Strike
1-1: Ball
2-1: Ground out 5-3 (Groundball, 5, EV 108.1 MPH)
Top of the 8th over - 0 runs, 1 hit, 0 errors, 1 left on base; Boise 1 - Tri-City 4
BOTTOM OF THE 8TH
Tri-City Dust Devils batting - Pitching for Boise Hawks : LHP Josh Alvarez
Now in LF: Georges Lambert
Batting: RHB Max Stillo 0-0: Swinging Strike
0-1: Called Strike
0-2: Ball
1-2: Hit by Pitch
Batting: RHB Masashi Yukizawa 0-0: Bunted foul
0-1: Bunted foul
0-2: Foul Ball, location: 2F
0-2: Ball
1-2: Ball
2-2: Fly out, F6 (Line Drive, 4M, EV 64.4 MPH)
Batting: LHB Ramon Vega 0-0: Called Strike
0-1: Ball
1-1: Called Strike
1-2: SINGLE (Line Drive, 9LS, EV 100.0 MPH)
Max Stillo to second
Runner from 2nd tries for 3rd, SAFE, throw by RF made to third
Batting: LHB Phil Lerner 0-0: Ball
1-0: Ball
Ramon Vega steals 2nd base
2-0: Ground out 4-3 (Groundball, 4, EV 85.6 MPH)
Batting: RHB Eric McMillian 0-0: Ball
1-0: Ball
2-0: Ball
3-0: Base on Balls
Batting: LHB Chad Cutler 0-0: Ball
1-0: Ball
2-0: DOUBLE (Groundball, 3L, EV 94.4 MPH)
Max Stillo scores
Ramon Vega scores
Eric McMillian to third
Runner from 3rd tries for Home, SAFE, throw by RF to trailing runner, OUT at third! 9-3-5
Bottom of the 8th over - 3 runs, 2 hits, 0 errors, 0 left on base; Boise 1 - Tri-City 7
TOP OF THE 9TH
Boise Hawks batting - Pitching for Tri-City Dust Devils : RHP Hisatada Sekiguchi
Batting: LHB Jason Ryan 0-0: Called Strike
0-1: Foul Ball, location: 2F
0-2: Fly out, F8 (Flyball, 8LXD, EV 105.0 MPH)
Batting: SHB Chris Besselman 0-0: Called Strike
0-1: Called Strike
0-2: Ball
1-2: Strikes out swinging
Batting: RHB Dan Hoffman 0-0: Ball
1-0: Fly out, F8 (Flyball, 8LM, EV 98.8 MPH)
Top of the 9th over - 0 runs, 0 hits, 0 errors, 0 left on base; Boise 1 - Tri-City 7
Tuesday, March 28th , 2023 - OOTP Baseball 23.10 Build 110